Map: Terraform LE (Void)

Players

Shako - Winner!

  • Race: Terran Terran
  • League: Gold

Insanity

  • Race: Terran Terran
  • League: Platinum

VOD

Have the link to the VOD?

Description

Time

  • Played on: Sept. 5, 2015, 1:06 a.m.
  • Length: 27:47
Show
View Real Time Build Order
Export as new Build Order

Shako Terran - Winner!

Build Orders: Liberator Opening, Mech 

Get SALT Encoding   

  12  0:01  SCV  
  13  0:13  SCV  
  14  0:18  Supply Depot  
  14  0:25  SCV  
  15  0:29  Refinery  
  15  0:40  SCV  
  16  0:45  Barracks  
  16  0:52  SCV  
  18  1:04  SCV  
  18  1:12  Supply Depot  
  18  1:14  Refinery  
  18  1:16  SCV  
  19  1:28  SCV  
  20  1:34  Reaper  
  21  1:40  Orbital Command  
  21  1:50  Factory  
  21  2:06  SCV  
  22  2:12  Marine  
  23  2:18  SCV  
  24  2:29  Command Center  
  24  2:41  Hellion  
  26  2:54  Marine  
  27  3:04  SCV  
  27  3:06  Factory Tech Lab  
  27  3:13  Starport  
  27  3:22  SCV  
  27  3:25  Siege Tank  
  31  3:39  Liberator  
  31  3:40  SCV, Supply Depot, Marine  
  33  4:01  Armory  
  36  4:07  Siege Tank, Marine  
  36  4:08  Orbital Command  
  39  4:10  SCV  
  40  4:22  SCV  
  41  4:30  Marine  
  42  4:31  Supply Depot  
  42  4:34  SCV  
  42  4:37  Supply Depot  
  43  4:41  Command Center  
  43  4:44  Siege Tank  
  46  4:51  Marine  
  46  4:52  Starport Reactor  
  47  4:55  SCV x2  
  49  5:01  Refinery  
  49  5:07  SCV x2, Refinery  
  49  5:11  Factory  
  51  5:16  Marine  
  51  5:19  SCV  
  53  5:21  SCV  
  54  5:31  SCV  
  54  5:34  Viking  
  54  5:35  Viking  
  59  5:36  Marine  
  60  5:44  Terran Vehicle Weapons Level 1  
  60  5:46  SCV x2  
  62  5:57  Factory Tech Lab  
  62  5:58  SCV x2, Factory  
  62  5:59  Orbital Command  
  64  6:04  Supply Depot  
  64  6:16  SCV x2  
  64  6:18  Siege Tank  
  67  6:28  SCV x2  
  69  6:40  SCV x2  
  69  6:41  Siege Tank  
  69  6:42  Factory Reactor  
  69  6:44  Factory  
  75  6:52  SCV x2  
  76  7:01  Orbital Command  
  76  7:04  SCV x2  
  78  7:11  Hellion  
  78  7:12  Viking x2  
  84  7:16  SCV x2  
  86  7:26  Refinery x2  
  86  7:28  Factory Tech Lab, SCV x2  
  88  7:30  Factory  
  88  7:32  Barracks Reactor  
  87  7:38  Terran Vehicle And Ship Armor Level 1  
  87  7:42  Viking  
  89  7:45  Engineering Bay  
  89  7:47  Hellion, Siege Tank x2  
  89  7:48  Hellion x2  
  101  7:56  SCV x3  
  104  8:06  Supply Depot  
  104  8:07  Supply Depot  
  104  8:08  SCV x2  
  104  8:09  SCV  
  104  8:10  Supply Depot  
  107  8:20  SCV  
  107  8:21  SCV  
  109  8:27  SCV  
  109  8:32  Supply Depot  
  110  8:36  Supply Depot  
  110  8:39  Supply Depot  
  110  8:48  SCV x2  
  108  8:58  Factory Tech Lab, Hellion x2  
  98  9:05  Siege Tank  
  98  9:06  Viking x2  
  98  9:09  Hellion  
  97  9:22  SCV x3, Starport  
  97  9:23  Command Center, Starport  
  100  9:27  Missile Turret  
  100  9:28  Missile Turret  
  100  9:30  Missile Turret  
  97  9:32  Terran Vehicle Weapons Level 2, Missile Turret  
  97  9:34  SCV x2  
  97  9:36  Viking  
  101  9:42  Missile Turret  
  101  9:47  Missile Turret  
  101  9:49  Missile Turret  
  100  9:59  Hellion, Siege Tank x3  
  115  10:00  Hellion x2  
  115  10:03  SCV x2, Missile Turret  
  115  10:04  SCV  
  118  10:16  Viking x2  
  118  10:18  Starport Reactor x2  
  118  10:21  Hellion  
  124  10:29  Supply Depot  
  124  10:30  Supply Depot  
  124  10:31  Supply Depot, SCV x2  
  124  10:33  Missile Turret  
  126  10:40  Armory  
  126  10:46  Viking  
  128  10:57  Armory, Infernal Pre-Igniter  
  124  10:58  Mag-Field Accelerator  
  124  10:59  Drilling Claws  
  124  11:04  Liberator x4  
  122  11:08  Planetary Fortress  
  122  11:10  SCV x3  
  124  11:20  Viking x2  
  139  11:27  SCV x2  
  139  11:28  SCV  
  142  11:34  Missile Turret  
  142  11:39  SCV  
  144  11:40  SCV x2  
  144  11:42  Refinery  
  145  11:48  Terran Vehicle And Ship Armor Level 2, Hellion x3  
  145  11:49  Refinery  
  145  11:50  Viking x2  
  145  11:51  SCV  
  136  12:10  Siege Tank x3  
  136  12:11  Hellion x2, Viking x2, Siege Tank  
  153  12:16  SCV x2  
  155  12:32  Hellion  
  155  12:34  Hellion  
  155  12:35  Viking x4  
  158  12:42  Siege Tank  
  158  12:43  Hellion, Siege Tank  
  156  12:54  SCV x2  
  156  12:55  Hellion x2  
  156  12:56  Hellion  
  153  13:04  Hellion  
  152  13:07  Missile Turret  
  149  13:15  Missile Turret x2  
  149  13:16  SCV x3  
  141  13:35  SCV  
  141  13:36  SCV  
  143  13:44  Hellion x5  
  141  13:50  SCV  
  141  13:51  SCV x3  
  140  13:59  Refinery  
  140  14:01  Hellion  
  142  14:02  Terran Vehicle Weapons Level 3  
  142  14:03  SCV x4  
  142  14:05  Hellion x2  
  142  14:06  Hellion x3  
  142  14:09  Liberator x4  
  156  14:20  Liberator  
  156  14:22  Hellion  
  158  14:26  Hellion  
  158  14:27  Hellion  
  158  14:28  Siege Tank  
  177  14:37  Hellion, Siege Tank  
  185  14:43  Siege Tank  
  185  14:45  Missile Turret x2  
  188  14:47  Missile Turret  
  188  14:52  Command Center  
  188  14:55  Hellion x2  
  188  14:58  Siege Tank  
  195  15:00  Siege Tank  
  195  15:02  Command Center  
  195  15:06  Missile Turret  
  198  15:09  Siege Tank  
  198  15:10  Liberator  
  198  15:12  Terran Vehicle And Ship Armor Level 3  
  187  15:15  Siege Tank  
  185  15:25  Missile Turret  
  185  15:26  Hellion  
  184  15:30  Siege Tank  
  184  15:32  Siege Tank  
  172  15:36  Viking x3  
  172  15:41  Siege Tank  
  160  15:46  Missile Turret  
  160  15:48  Siege Tank  
  161  15:50  Viking  
  161  15:51  Hellion  
  161  15:52  Hellion  
  167  16:02  Siege Tank  
  170  16:05  Hellion  
  172  16:19  Liberator x2  
  165  16:26  Refinery  
  141  16:34  Refinery  
  141  16:35  Siege Tank  
  141  16:36  Hellion x2, Viking x2  
  149  16:40  Missile Turret  
  149  16:41  Missile Turret  
  149  16:42  Missile Turret  
  144  16:53  SCV x5  
  147  16:56  Planetary Fortress  
  143  17:05  SCV x4  
  147  17:19  Hellion x4, Siege Tank x2  
  161  17:26  Terran Ship Weapons Level 1  
  161  17:43  Siege Tank x2  
  170  17:51  Siege Tank  
  170  17:57  Hellion x3  
  176  18:15  Hellion  
  176  18:16  Hellion  
  176  18:18  Hellion x2, Siege Tank  
  187  18:23  Siege Tank  
  181  18:29  Viking  
  166  18:37  Hellion x2  
  166  18:39  Hellion  
  168  18:50  Siege Tank  
  168  18:55  Siege Tank  
  174  18:58  Siege Tank  
  175  19:21  Siege Tank  
  175  19:22  Hellion, Viking x5  
  175  19:23  Viking  
  192  19:28  Hellion, Siege Tank  
  197  19:52  Viking  
  199  20:16  Terran Ship Weapons Level 2  
  187  20:40  Hellion  
  187  20:41  Hellion x5  
  149  21:02  Hellion x6, Viking  
  149  21:03  Viking x3  
  166  21:23  Thor x4  
  179  21:38  Viking x2  
  179  21:39  Viking  
  177  21:47  Viking x3  
  177  22:00  Planetary Fortress  
  163  22:06  Thor  
  163  22:07  Refinery  
  163  22:08  Refinery  
  159  22:14  Liberator x3  
  155  22:16  SCV  
  155  22:20  Missile Turret  
  156  22:24  Missile Turret  
  163  22:48  Liberator x2  
  163  22:49  Missile Turret  
  161  23:02  Hellion x6  
  178  23:11  Terran Ship Weapons Level 3  
  177  23:23  Hellion x2  
  177  23:24  Hellion x4  
  187  23:44  Hellion  
  187  23:45  Hellion x5  
  192  24:06  Hellion x3  
  192  24:09  Orbital Command  
  187  24:23  Siege Tank x3  
  196  24:39  Missile Turret  
  196  24:40  Missile Turret  
  196  24:42  Missile Turret  
  196  24:49  Missile Turret  
  196  24:51  Missile Turret  
  191  25:25  Siege Tank x2  
  191  25:26  Siege Tank  
  190  25:48  SCV  
  190  26:06  Missile Turret x2  
  190  26:07  SCV x2  
  190  26:08  Missile Turret  
  190  26:48  Missile Turret  
  190  26:52  Missile Turret x3  
  190  26:54  Missile Turret  
  190  26:55  Missile Turret x2  
  190  26:59  Missile Turret  
  190  27:03  Refinery  
  190  27:04  Refinery  
  190  27:20  Missile Turret  
  190  27:42  Missile Turret  
Show
View Real Time Build Order
Export as new Build Order

Insanity Terran 

Build Orders: Reaper Expand, Mech 

Get SALT Encoding   

  12  0:01  SCV  
  13  0:13  SCV  
  14  0:18  Supply Depot  
  14  0:25  SCV  
  15  0:35  Refinery  
  15  0:40  SCV  
  16  0:46  Barracks  
  16  0:52  SCV  
  17  1:04  SCV  
  18  1:16  SCV  
  19  1:33  Reaper  
  19  1:34  Orbital Command  
  20  1:43  Command Center  
  20  1:55  Supply Depot  
  20  2:00  SCV  
  20  2:01  Bunker  
  21  2:06  Barracks Reactor  
  21  2:12  Refinery  
  21  2:15  SCV  
  22  2:25  Factory  
  22  2:28  SCV  
  23  2:41  SCV  
  24  2:53  SCV  
  25  3:01  SCV  
  25  3:02  Marine  
  25  3:03  Marine  
  25  3:05  SCV  
  29  3:18  Hellion  
  29  3:19  Orbital Command  
  30  3:20  SCV, Marine  
  30  3:24  Starport  
  32  3:30  Marine  
  32  3:31  Armory  
  32  3:32  SCV  
  34  3:39  Hellion  
  34  3:40  Marine  
  37  3:44  SCV  
  37  3:46  SCV  
  39  3:49  Engineering Bay  
  39  3:57  SCV  
  40  4:09  Viking  
  42  4:11  Hellion, Marine x2  
  46  4:20  Missile Turret x2  
  46  4:21  Supply Depot  
  46  4:25  SCV x2  
  48  4:31  Missile Turret  
  48  4:37  SCV  
  48  4:38  Factory Tech Lab  
  49  4:42  SCV  
  50  4:47  Barracks Tech Lab, Factory  
  50  4:51  Liberator  
  50  4:53  Refinery  
  50  4:54  Liberator  
  50  4:55  SCV  
  51  5:05  SCV  
  54  5:13  Siege Tank  
  61  5:14  SCV  
  61  5:15  Command Center  
  61  5:20  SCV  
  61  5:26  SCV  
  62  5:41  SCV x2  
  64  5:43  Supply Depot, Barracks Reactor  
  64  5:45  Factory  
  64  5:46  Missile Turret  
  64  5:48  Missile Turret  
  64  5:52  Refinery  
  64  5:53  SCV x2  
  66  6:02  Siege Tank  
  69  6:05  SCV x2  
  70  6:17  SCV x2  
  72  6:18  Siege Tank  
  75  6:29  SCV x2, Missile Turret  
  75  6:31  Missile Turret  
  77  6:39  Supply Depot  
  77  6:40  Viking x2  
  77  6:41  SCV  
  77  6:42  SCV  
  77  6:43  Siege Tank  
  77  6:46  Supply Depot, Hellion  
  88  6:51  Orbital Command  
  88  6:54  SCV x2  
  90  6:57  Refinery  
  90  6:58  Siege Tank  
  93  7:01  Hellion  
  93  7:06  SCV x2  
  97  7:08  Infernal Pre-Igniter  
  97  7:16  Supply Depot x2  
  97  7:18  SCV x2  
  97  7:19  Barracks Tech Lab  
  100  7:22  SCV  
  100  7:24  Ghost Academy  
  100  7:30  SCV x2, Refinery  
  100  7:34  SCV  
  107  7:37  Hellion x2  
  107  7:38  Siege Tank  
  107  7:41  Siege Tank  
  107  7:43  SCV  
  115  7:45  SCV  
  115  7:47  SCV  
  115  7:49  Missile Turret  
  116  7:55  SCV, Ghost  
  116  7:56  Missile Turret  
  116  7:57  SCV  
  120  7:59  SCV  
  121  8:06  Supply Depot  
  121  8:07  SCV  
  121  8:08  Terran Vehicle Weapons Level 1  
  121  8:09  SCV  
  121  8:10  Armory  
  121  8:11  SCV, Hellion  
  121  8:12  Hellion  
  128  8:17  Cyclone  
  132  8:25  Factory  
  133  8:27  Supply Depot  
  133  8:32  Viking  
  133  8:35  Viking  
  133  8:37  Hellion x2  
  133  8:38  Hellion  
  133  8:40  SCV  
  142  8:41  SCV  
  137  8:58  Hellion  
  111  9:10  Viking x2  
  111  9:14  SCV  
  111  9:15  SCV  
  115  9:23  SCV, Thor  
  121  9:25  Hellion x2  
  121  9:26  SCV  
  121  9:27  SCV  
  125  9:32  Thor, Starport  
  125  9:35  SCV  
  132  9:40  Viking  
  134  9:49  Hellion  
  134  9:50  Hellion  
  134  9:52  Starport  
  138  9:54  SCV  
  139  10:00  Command Center, SCV  
  139  10:01  Ghost  
  139  10:03  Command Center  
  142  10:07  Siege Tank  
  142  10:09  Viking  
  142  10:11  Starport Reactor  
  147  10:15  SCV, Cyclone  
  147  10:16  Hellion x2  
  147  10:18  SCV  
  147  10:20  Hi-Sec Auto Tracking  
  147  10:21  Supply Depot, SCV  
  157  10:31  Ghost  
  157  10:33  Nuke  
  159  10:39  Command Center, Ghost Academy  
  159  10:41  Command Center  
  157  10:50  Viking  
  157  10:51  Viking x2  
  157  10:53  SCV  
  157  10:54  Supply Depot  
  163  11:00  SCV  
  163  11:05  SCV, Ghost  
  163  11:06  Hellion x2  
  163  11:09  Starport Reactor  
  170  11:11  SCV  
  170  11:14  SCV  
  172  11:23  Viking x2  
  172  11:24  Hellion  
  172  11:25  Hellion  
  180  11:28  Hellion  
  182  11:36  Viking x2  
  182  11:38  SCV  
  171  12:00  Liberator  
  171  12:01  Liberator  
  151  12:15  Personal Cloaking  
  151  12:17  Viking x2, Siege Tank  
  151  12:20  Hellion  
  151  12:21  Hellion x2  
  169  12:23  SCV  
  158  12:38  SCV  
  159  12:56  SCV  
  157  13:01  Thor x2  
  157  13:02  Viking x2  
  157  13:04  Hellbat x2  
  177  13:06  Viking x2  
  177  13:11  SCV  
  178  13:12  Liberator  
  178  13:13  Liberator  
  166  13:25  Hellbat  
  170  13:43  Ghost  
  170  13:46  SCV  
  173  13:51  Hellion x2  
  173  13:52  Hellion x2, Viking x2  
  173  13:54  Viking  
  175  14:00  Refinery  
  175  14:01  Command Center  
  175  14:02  Refinery  
  175  14:06  Planetary Fortress  
  175  14:16  Viking x2  
  179  14:25  Planetary Fortress  
  179  14:28  Hellion x2  
  179  14:29  Viking  
  185  14:33  Hellion x2  
  185  14:36  Mag-Field Accelerator  
  189  14:42  Ghost  
  189  14:43  Refinery  
  191  14:52  Hellion x2, Viking x2  
  197  14:54  Refinery  
  199  15:02  Planetary Fortress  
  174  15:32  Liberator  
  174  15:33  Liberator  
  148  15:44  Planetary Fortress  
  148  15:45  Refinery  
  148  15:49  Viking x2  
  152  15:51  Viking  
  152  15:53  Hellion x3, Refinery  
  167  15:57  SCV  
  167  16:03  SCV  
  168  16:10  Hellion  
  170  16:22  Refinery  
  98  16:46  Thor x2  
  90  16:47  Hellion  
  90  16:48  Hellion, Viking  
  90  16:49  Viking  
  96  17:13  Viking x3  
  104  17:16  Hellion x2  
  104  17:19  SCV  
  104  17:21  SCV  
  108  17:23  SCV  
  108  17:26  SCV  
  110  17:32  Viking x2  
  110  17:33  Viking  
  110  17:37  Orbital Command  
  116  17:46  SCV  
  116  17:51  Thor, Hellion x2  
  121  17:52  Thor  
  121  17:53  Viking  
  121  17:56  Viking  
  137  18:03  SCV  
  137  18:04  Ghost  
  140  18:08  SCV  
  140  18:10  SCV  
  140  18:12  SCV  
  143  18:13  Orbital Command  
  143  18:22  Hellbat  
  143  18:23  Hellbat  
  110  18:35  Liberator x2  
  110  18:36  Liberator x2  
  101  18:51  Hellion x2, Viking  
  101  18:52  Viking  
  101  18:54  Thor  
  97  19:46  Thor, Siege Tank, Hellbat x2  
  97  19:49  Viking x3  
  97  19:50  Viking  
  116  19:57  SCV  
  116  19:59  SCV  
  118  20:00  Refinery  
  118  20:01  Liberator  
  118  20:04  Refinery  
  118  20:13  Hellion x2  
  122  20:17  SCV  
  61  21:08  Thor x2  
  61  21:10  Hellion x2  
  69  21:31  Hellion  
  68  21:35  Viking x2  
  69  21:55  Liberator x2  
  69  21:56  Liberator  
  66  22:04  Orbital Command  
  63  22:15  Hellion x3  
  78  22:16  Hellion  
  78  22:17  SCV  
  81  22:23  SCV  
  81  22:24  SCV  
  81  22:25  SCV  
  84  22:36  Hellion x2  
  88  22:37  SCV, Hellion  
  88  22:41  SCV  
  88  22:43  Hellion  
  94  22:57  Hellion  
  94  22:58  Hellion x2  
  94  23:04  Hellion  
  95  23:10  Liberator x2  
  95  23:11  Liberator x2  
  77  23:29  Viking  
  77  23:33  Hellion  
  87  23:34  SCV  
  87  23:37  SCV  
  85  24:02  Liberator x2  
  85  24:03  Liberator  
  66  24:18  Hellion x2, Viking x2  
  81  24:45  Liberator x2  
  81  24:47  Liberator  
  72  25:03  Hellion x3  
  31  25:29  SCV  
Tags
 
Add a new tag
Caveats
  • Supply blocks, unpowered buildings, or Contaminate may cause inaccurate times.
  • Supply counts are checked every 10 seconds.